 Dungeon Crawl Stone Soup version 0.30-a0-368-g86fb4627a9 (webtiles) character file.

Game seed: 12565726480690043664

1022 oldriver the Thaumaturge (level 8, -4/64 HPs)
             Began as a Mummy Necromancer on Nov 19, 2022.
             Slain by a wight
             ... wielding a +3 flail
              (7 damage)
             ... on level 5 of the Dungeon.
             The game lasted 00:07:22 (5532 turns).

oldriver the Thaumaturge (Mummy Necromancer)        Turns: 5532, Time: 00:07:23

Health: -4/64      AC:  6    Str: 13    XL:     8   Next: 2%
Magic:  20/20      EV: 10    Int: 15    God:
Gold:   183        SH:  6    Dex: 12    Spells: 10/23 levels left

rFire   . . .      SeeInvis .    m - +2 spear (venom)
rCold   + . .      Faith    +    j - +0 kite shield
rNeg    + + +      Spirit   .    e - +2 robe {rF+}
rPois   ∞          Reflect  .    k - +0 helmet
rElec   .          Harm     .    (no cloak)
rCorr   .          Rampage  .    (no gloves)
Will    +....                    l - +0 pair of boots
Stlth   ++........               (no amulet)
HPRegen 0.30/turn                (no ring)
MPRegen 0.17/turn                (no ring)

@: no status effects
A: cold resistance 1, negative energy resistance 3, torment resistance 2, heat
vulnerability 1, in touch with death 1, no potions, faith
a: no special abilities


You were on level 5 of the Dungeon.
You visited 1 branch of the dungeon, and saw 5 of its levels.

You collected 183 gold pieces.

Inventory:

Hand Weapons
 m - a +2 spear of venom (weapon)
Armour
 e - a +2 robe of fire resistance (worn)
 j - a +0 kite shield (worn)
 k - a +0 helmet (worn)
 l - a +0 pair of boots (worn)
Wands
 d - a wand of flame (5)
 n - a wand of charming (9)
Scrolls
 a - 3 scrolls of teleportation {unknown}
 b - 3 scrolls of enchant weapon
 c - a scroll of summoning {unknown}
 f - a scroll of enchant armour
 g - a scroll of fear
 h - a scroll of vulnerability {unknown}
 i - 3 scrolls of noise
 o - a scroll of magic mapping {unknown}


   Skills:
 + Level 6.1 Fighting
 + Level 0.0 Armour
 + Level 1.5 Dodging
 - Level 1.5 Stealth
 + Level 0.0 Shields
 + Level 8.0 Spellcasting
 + Level 4.8 Necromancy


You had 10 spell levels left.
You knew the following spells:

 Your Spells              Type           Power      Damage    Failure   Level
a - Necrotise             Necr           100%       1d9       6%          1
b - Vampiric Draining     Necr           30%        2d8       19%         3
c - Animate Dead          Necr           30%        N/A       52%         4
d - Borgnjor's Vile Clut  Necr/Erth      9%         N/A       99%         5

Your spell library contained the following spells:

 Spells                   Type           Power      Damage    Failure   Level
 Gell's Gravitas          Tloc           6%         N/A       78%         3
 Lesser Beckoning         Tloc           12%        N/A       78%         3
 Teleport Other           Tloc           6%         N/A       78%         3
 Agony                    Necr           30%        N/A       86%         5
 Yara's Violent Unravell  Hex/Tmut       3%         3d4       100%        5
 Death Channel            Necr           15%        N/A       100%        6
 Enfeeble                 Hex            3%         N/A       100%        7


Dungeon Overview and Level Annotations

Branches:
Dungeon (5/15)
 Temple: D:4-7

Altars:
Dithmenos
Makhleb

Shops:
D:2 [

Annotations:
D:2 1 runed translucent door, Crazy Yiuf


Innate Abilities, Weirdness & Mutations

You are immune to poison.
Your flesh is cold resistant. (rC+)
You are immune to negative energy. (rN+++)
You are immune to unholy pain and torment.
You are vulnerable to heat. (rF-)
You are in touch with the powers of death.
You do not drink.
You have a special connection with the divine. (Faith)


Message History

You closely miss the wight. The wight barely misses you.
You hit the wight.
The wight is moderately damaged.
The wight closely misses you. The wight hits you with a +3 flail!
You hit the wight.
The wight is heavily damaged.
You block the wight's attack.
You closely miss the wight.
The wight is heavily damaged.
The wight hits you with a +3 flail!
You hit the wight but do no damage.
The wight is heavily damaged.
The wight hits you with a +3 flail! The wight closely misses you.
You closely miss the wight.
The wight is heavily damaged.
The wight hits you with a +3 flail.
You hit the wight but do no damage.
The wight is heavily damaged.
You block the wight's attack.
You closely miss the wight.
The wight is heavily damaged.
You block the wight's attack.
You hit the wight but do no damage.
The wight is heavily damaged.
The wight hits you with a +3 flail. The wight hits you with a +3 flail!
* * * LOW HITPOINT WARNING * * *
You barely miss the wight.
The wight is heavily damaged.
You block the wight's attack.
You completely miss the wight.
The wight is heavily damaged.
The wight hits you with a +3 flail!
* * * LOW HITPOINT WARNING * * *
You hit the wight but do no damage.
The wight is heavily damaged.
The wight hits you with a +3 flail.
* * * LOW HITPOINT WARNING * * *
You block the wight's attack. The wight attacks as you move away!
The wight hits you with a +3 flail!
You die...

#.
...##..........
#..
...............
#..
...............
##..
............(..
#...
..(............
##...
...............
#....
.......z......#
##....
.......@...#
###.....
.......)####
###...##..
.....##.##
###...#####.
####
#..####......#
##
##.##.).....##
#..........#
#............#
#..............#
#..............#


You could see a wight.

Vanquished Creatures
  Grinder (D:5)
  A sky beast (D:5)
  An ogre (D:5)
  A necrophage (D:5)
  A gnoll sergeant (D:5)
  2 wights (D:5)
  An orc priest (D:3)
  Jessica (D:2)
  Natasha (twice) (D:4)
  2 orc wizards
  A hound skeleton (D:5)
  Robin (D:2)
  4 gnolls
  2 adders
  4 worms
  3 dart slugs
  9 orcs
  8 ball pythons
  4 endoplasms
  5 giant cockroaches
  11 goblins
  7 hobgoblins
  2 jackals (D:1)
  5 quokkas
  3 bats
  2 frilled lizards
  10 kobolds
  4 rats
98 creatures vanquished.

Vanquished Creatures (collateral kills)
  A black bear (D:4)
  A jackal (D:1)
  A goblin (D:2)
  2 rats (D:1)
5 creatures vanquished.

Grand Total: 103 creatures vanquished

Notes
Turn   | Place    | Note
-------+----------+-------------------------------------------
     0 | D:1      | oldriver the Mummy Necromancer began the quest for the Orb.
     0 | D:1      | Reached XP level 1. HP: 13/13 MP: 4/4
    50 | D:1      | Reached skill level 3 in Spellcasting
    63 | D:1      | Reached skill level 1 in Fighting
   146 | D:1      | Reached XP level 2. HP: 21/21 MP: 1/6
   730 | D:1      | Gained mutation: You are in touch with the powers of death.
                  | [Mummy growth]
   730 | D:1      | Reached XP level 3. HP: 23/27 MP: 5/8
   909 | D:1      | Learned a level 3 spell: Vampiric Draining
  1155 | D:2      | Reached skill level 4 in Spellcasting
  1282 | D:2      | Noticed Jessica
  1304 | D:2      | Killed Jessica
  1305 | D:2      | Reached XP level 4. HP: 34/34 MP: 7/10
  1318 | D:2      | Noticed Robin
  1381 | D:2      | Killed Robin
  1535 | D:2      | Found Fulaimn's Antique Armour Shop.
  1988 | D:2      | Found a runed translucent door.
  1989 | D:2      | Noticed Crazy Yiuf
  2530 | D:3      | Reached XP level 5. HP: 38/41 MP: 8/12
  2546 | D:3      | Reached skill level 5 in Spellcasting
  3089 | D:4      | Found a shadowy altar of Dithmenos.
  3369 | D:4      | Noticed a black bear
  3375 | D:4      | Killed a black bear
  3376 | D:4      | Reached XP level 6. HP: 37/48 MP: 8/14
  3498 | D:4      | Noticed Natasha
  3510 | D:4      | Killed Natasha
  3511 | D:4      | Reached skill level 6 in Spellcasting
  3813 | D:4      | Noticed Natasha
  3822 | D:4      | Killed Natasha
  3921 | D:5      | Entered Level 5 of the Dungeon
  4604 | D:5      | Noticed a sky beast
  4612 | D:5      | Killed a sky beast
  4613 | D:5      | Reached skill level 5 in Fighting
  4613 | D:5      | Reached XP level 7. HP: 47/56 MP: 2/17
  4731 | D:5      | Reached skill level 7 in Spellcasting
  4895 | D:5      | Learned a level 4 spell: Animate Dead
  4901 | D:5      | Learned a level 5 spell: Borgnjor's Vile Clutch
  4929 | D:5      | Noticed Grinder
  4932 | D:5      | Paralysed by Grinder for 3 turns
  4951 | D:5      | Killed Grinder
  5110 | D:5      | Found a burning altar of Makhleb.
  5461 | D:5      | Reached skill level 8 in Spellcasting
  5461 | D:5      | Reached XP level 8. HP: 47/64 MP: 20/20
  5531 | D:5      | HP: 3/64 [wight/+3 flail (6)]
  5532 | D:5      | Slain by a wight

Illustrated notes

Levels and vault maps discovered:
D:1:      minmay_arrival_cross, layout_loops_ring
D:2:      layout_rooms, serial_shops, shop, uniq_robin, uniq_crazy_yiuf_cottage,
          uniq_jessica
D:3:      layout_basic
D:4:      layout_loops_cross, mainiacjoe_overflow_chevrons,
          wad_floor_pattern_untrapped, uniq_natasha
D:5:      layout_cave_pods, makhleb_blood_cavern_becter,
          minmay_temple_entry_mist, minmay_ruined_shrine, uniq_grinder,
          uniq_duvessa, uniq_menkaure

Skill      XL: |  1  2  3  4  5  6  7 |
---------------+----------------------+-----
Spellcasting   | 3 4 5 6 8 |  8.0
Fighting       | 1 2 3 4 5 6 |  6.1
Dodging        | |  1.5
Stealth        | |  1.5
Necromancy     | |  4.8

Action                   |  1- 3 |  4- 6 |  7- 9 || total
-------------------------+-------+-------+-------++-------
Melee: Unarmed           |    18 |       |       ||    18
       Dagger            |     9 |    26 |       ||    35
       Punch             |       |     1 |     1 ||     2
       Spear             |       |       |    74 ||    74
 Cast: Necrotise         |    66 |   114 |     8 ||   188
       Vampiric Draining |       |    12 |     2 ||    14
  Use: Scroll            |       |     4 |       ||     4
 Stab: Sleeping          |       |       |     1 ||     1
Armor: Robe              |     8 |    24 |     7 ||    39
Dodge: Dodged            |    20 |    67 |    32 ||   119
Block: Kite shield       |       |       |     5 ||     5

Table legend: (Time is in decaauts)
 A = Elapsed time spent in this place.
 B = Non-inter-level travel time spent in this place.
 C = Inter-level travel time spent in this place.
 D = Time resting spent in this place.
 E = Time spent auto-exploring this place.
 F = Levels seen in this place.
 G = Mean time per level.
                   A        B        C        D        E       F      G
               +--------+--------+--------+--------+--------+-----+--------+
         Total |   5546 |   5116 |    430 |    642 |   3586 |   5 | 1109.2 |
       Dungeon |   5546 |   5116 |    430 |    642 |   3586 |   5 | 1109.2 |
               +--------+--------+--------+--------+--------+-----+--------+

Top non-repeatable levels by time:
     D:4: 1360 daAuts
     D:5: 1092 daAuts
     D:2: 1070 daAuts
     D:1: 1062 daAuts
     D:3: 959 daAuts
